 Dungeon Crawl Stone Soup version 0.31-a0-145-g046c7d2549 (webtiles) character file.

Game seed: 13803500674835506718

32032 qw the Marksminotaur (level 13, -1/119 HPs)
             Began as a Minotaur Hunter on June 7, 2023.
             Was an Elder of Okawaru.
             Slain by a six-headed hydra (8 damage)
             ... on level 3 of the Lair of Beasts.
             The game lasted 00:06:12 (13005 turns).

qw the Marksminotaur (Minotaur Hunter)             Turns: 13005, Time: 00:06:12

Health: -1/119     AC: 10    Str: 23    XL:     13   Next: 29%
Magic:  19/19      EV: 32    Int:  6    God:    Okawaru [****..]
Gold:   621        SH:  5    Dex: 28    Spells: 12/12 levels left

rFire   + . .        b - +9 sling "Tormentor" {flame, Dex+3}
rCold   + . .        (no shield)
rNeg    . . .        h - +0 ring mail
rPois   .            e - +2 hat
rElec   .            p - scarf of Ratugo {rC+ rF+, Str+7}
rCorr   .            s - +0 pair of gloves
SInv    .            (no boots)
Will    .....        l - amulet of reflection
Stlth   +++          i - +6 ring of dexterity
HPRegen 0.39/turn    v - +5 ring of evasion
MPRegen 0.16/turn

%: reflection
@: about to teleport, heroic, marked
A: horns 2, retaliatory headbutt
a: Renounce Religion, Heroism, Finesse


You were on level 3 of the Lair of Beasts.
You worshipped Okawaru.
Okawaru was greatly pleased with you.
You visited 3 branches of the dungeon, and saw 15 of its levels.

You collected 685 gold pieces.
You spent 64 gold pieces at shops.


Innate Abilities, Weirdness & Mutations

You have a pair of horns on your head.
You reflexively headbutt those who attack you in melee.


   Skills:
 + Level 12.9(17.9) Fighting
 - Level 16.0(21.0) Ranged Weapons
 - Level 5.1(10.1) Armour
 - Level 11.0(16.0) Dodging
 - Level 0.7(5.7) Stealth
 - Level 10.0 Invocations


You had 12 spell levels left.
You didn't know any spells.
Your spell library was empty.

Inventory:

Hand Weapons
 b - the +9 sling "Tormentor" (weapon) {flame, Dex+3}
   (You found it on level 4 of the Dungeon)

   Dex:       It affects your dexterity (+3).
 Y - a +0 orcbow
Armour
 e - a +2 hat (worn)
 h - a +0 ring mail (worn)
 k - a +2 cloak
 p - the scarf of Ratugo (worn) {rC+ rF+, Str+7}
   (You acquired it on level 5 of the Dungeon)

   Str:       It affects your strength (+7).
 s - a +0 pair of gloves (worn)
Jewellery
 d - the ring of Ufirol Suggo {Fly rF+}
   (You acquired it on level 1 of the Dungeon)

   [ring of flight]

   rF:        It protects you from fire.
   Fly:       It grants you flight.
 i - a +6 ring of dexterity (left hand)
 l - an amulet of reflection (around neck)
 v - a +5 ring of evasion (right hand)
Scrolls
 c - 2 scrolls of identify
 m - a scroll of teleportation
Potions
 a - a potion of haste {unknown}
 f - 3 potions of might
 g - a potion of resistance
 j - 2 potions of curing
 n - a potion of mutation {unknown}
 o - a potion of magic {unknown}
 r - 2 potions of invisibility {unknown}
 t - a potion of cancellation {unknown}

Dungeon Overview and Level Annotations

Branches:
Dungeon (11/15)            Temple (1/1) D:4            Lair (3/5) D:9
  Swamp: Lair:2-3    Shoals: Lair:2-3     Snake: Lair:2-3    Spider: Lair:2-3
    Orc: D:9-12

Altars:
Ashenzari
Cheibriados
Dithmenos
Elyvilon
Fedhas
Gozag
Hepliaklqana
Kikubaaqudgha
Makhleb
Nemelex Xobeh
Okawaru
Qazlal
Ru
Sif Muna
Trog
Uskayaw
Vehumet
Wu Jian
Xom
Yredelemnul
Zin
The Shining One

Shops:
D:2 =*   D:5 :


Message History

The five-headed hydra completely misses you. x3
A tyrant leech comes into view.
You shoot a sling bullet. The sling bullet hits the death yak!!
The sling bullet burns the death yak.
The death yak is almost dead.
The six-headed hydra completely misses you.
You furiously retaliate!
You headbutt the six-headed hydra!
The six-headed hydra completely misses you.
The six-headed hydra bites you!
The six-headed hydra completely misses you.
The six-headed hydra bites you!
You block the six-headed hydra's attack.
You block the death yak's attack. The death yak completely misses you.
The five-headed hydra completely misses you.
You furiously retaliate!
You headbutt the five-headed hydra!
The five-headed hydra completely misses you.
You block the five-headed hydra's attack.
The five-headed hydra bites you!
The five-headed hydra completely misses you.
13004 ||| READING 2 scrolls of teleportation.
As you read the scroll of teleportation, it crumbles to dust.
You feel strangely unstable. The six-headed hydra misses you.
You furiously retaliate!
You headbutt the six-headed hydra, but do no damage.
The six-headed hydra completely misses you.
The six-headed hydra bites you. x2
The six-headed hydra completely misses you.
The six-headed hydra barely misses you. The death yak misses you.
The death yak gores you but does no damage.
The five-headed hydra bites you but does no damage.
The five-headed hydra misses you.
You block the five-headed hydra's attack.
The five-headed hydra misses you.
The five-headed hydra completely misses you.
You shoot a sling bullet. The sling bullet hits the death yak.
The sling bullet burns the death yak.
The death yak is almost dead.
The six-headed hydra completely misses you.
The six-headed hydra bites you!
You die...

.....#Y.....##....#...P..
.....####..###...........
.....#.##...##...........
.........................
/........................
.........>..............)
.......wYY...............
.......DYY..............#
......#D@##....##.P..P###
......w#####...#####.##
77777.. .... ##.## ~~w.
... #...### ~~~~~ ..
##..##.# ~~~~~7 #...###.
~~~.. .... ##..# ## #...#
#P.# # #.... ###.# ##


You could see 4 death yaks, a six-headed hydra, a five-headed hydra and 2 swamp
worms.

Vanquished Creatures
  Gastronok (Lair:2)
  2 two-headed ogres
  2 boulder beetles
  A sixfirhy (D:11)
  2 oklob plants (Lair:2)
  5 black mambas
  An orange demon (D:11)
  6 cane toads
  A torpor snail (Lair:1)
  4 rime drakes
  5 komodo dragons
  A kobold demonologist (D:9)
  A hellwing (D:11)
  2 ice devils (D:11)
  A queen bee (Lair:2)
  A polar bear (Lair:1)
  A troll (D:9)
  10 blink frogs
  2 ynoxinuls (D:11)
  9 wyverns
  5 basilisks
  A vampire (D:9)
  45 yaks
  2 swamp worms (Lair:3)
  13 water moccasins
  Duvessa (D:7)
  A black bear (D:5)
  4 sky beasts
  2 ice beasts
  3 ogres
  22 wolves
  3 centaurs
  15 kobold brigands (D:9)
  6 bullfrogs
  2 gnoll sergeants
  6 scorpions
  3 wights (D:6)
  Dowan (D:7)
  27 killer bees (Lair:2)
  2 electric eels (Lair:2)
  3 howler monkeys
  A quasit (D:11)
  2 hounds
  2 jellies
  4 orc priests
  A gnoll bouda (D:8)
  A sleepcap (D:7)
  2 iguanas (D:5)
  Terence (D:3)
  6 orc wizards
  Robin (D:3)
  17 gnolls
  4 adders
  A shadow imp (D:6)
  A white imp (D:8)
  2 ufetubi (D:5)
  3 dart slugs
  27 orcs
  13 endoplasms
  4 giant cockroaches
  17 goblins
  6 hobgoblins
  3 jackals (D:2)
  5 quokkas
  11 ball pythons
  5 bats
  4 frilled lizards
  18 kobolds
  5 rats
392 creatures vanquished.

Notes
Turn   | Place    | Note
-------+----------+-------------------------------------------
     0 | D:1      | qw the Minotaur Hunter began the quest for the Orb.
     0 | D:1      | Reached XP level 1. HP: 18/18 MP: 0/0
     0 | D:1      | 0 ||| qw: Version: 0.2-a-117-gc6b5c8b
     0 | D:1      | 0 ||| qw: Game counter: 2506
     0 | D:1      | 0 ||| qw: Always use a shield: true
     0 | D:1      | 0 ||| qw: God list: Okawaru
     0 | D:1      | 0 ||| qw: Allow faded altars: false
     0 | D:1      | 0 ||| qw: Do Orc after D:15 true
     0 | D:1      | 0 ||| qw: Do second Lair branch before Depths: true
     0 | D:1      | 0 ||| qw: Lair rune preference: random
     0 | D:1      | 0 ||| qw: Plans: Normal
     0 | D:1      | 0 ||| PLANNING D:1-11
    29 | D:1      | 29 ||| FLEEEEING.
    93 | D:1      | Reached XP level 2. HP: 25/25 MP: 1/1
   125 | D:1      | Reached skill level 5 in Ranged Weapons
   157 | D:1      | 157 ||| Stepping ~*~*~tactically~*~*~ (outnumbered).
   249 | D:1      | Reached skill level 3 in Fighting
   249 | D:1      | Reached XP level 3. HP: 31/31 MP: 2/2
   697 | D:1      | 697 ||| READING scroll labelled AGROSHR KUXOB.
   702 | D:1      | 702 ||| READING scroll labelled JADGHU JAIFEATU.
   702 | D:1      | Identified a scroll of acquirement
   702 | D:1      | 702 ||| ACQUIRING ring of Ufirol Suggo {Fly rF+}
   702 | D:1      | Acquired the ring of Ufirol Suggo {Fly rF+}
   704 | D:1      | 704 ||| UPGRADING to ring of Ufirol Suggo {Fly rF+}.
   705 | D:1      | 705 ||| READING scroll labelled NAIGOELAMU.
   706 | D:1      | 706 ||| READING scroll labelled ZOATZEEGGO.
   707 | D:1      | 707 ||| DRINKING 2 metallic sapphire potions.
   708 | D:1      | 708 ||| DROPPING scroll of butterflies.
   709 | D:1      | 709 ||| DROPPING potion of attraction.
   733 | D:2      | Found Zuciun's Jewellery Shoppe.
   738 | D:2      | 738 ||| SHOPLISTING +5 ring of evasion (432 gold, have 49).
   738 | D:2      | 738 ||| SHOPLISTING amulet of faith (480 gold, have 49).
   738 | D:2      | 738 ||| SHOPLISTING ring of fire (300 gold, have 49).
   738 | D:2      | 738 ||| SHOPLISTING ring of positive energy (240 gold, have
                  | 49).
   738 | D:2      | 738 ||| SHOPLISTING ring of resist corrosion (240 gold,
                  | have 49).
   738 | D:2      | 738 ||| SHOPLISTING ring of see invisible (180 gold, have
                  | 49).
   738 | D:2      | 738 ||| SHOPLISTING ring of the Hare {EV+10} (1536 gold,
                  | have 49).
   738 | D:2      | 738 ||| SHOPLISTING ring of willpower (300 gold, have 49).
   812 | D:2      | Found a broken altar of Ashenzari.
   946 | D:2      | Reached XP level 4. HP: 38/38 MP: 3/3
  1207 | D:2      | Reached skill level 6 in Ranged Weapons
  1405 | D:2      | Found Gauqafu's Assorted Antiques.
  1410 | D:2      | 1410 ||| BUYING ring mail (64 gold).
  1410 | D:2      | Bought a ring mail for 64 gold pieces
  1410 | D:2      | 1410 ||| SHOPLISTING scroll labelled SUASSA PETI (16 gold,
                  | have 7).
  1410 | D:2      | 1410 ||| SHOPLISTING sedimented brown potion (14 gold, have
                  | 7).
  1410 | D:2      | 1410 ||| SHOPLISTING smoky cyan potion (14 gold, have 7).
  1470 | D:2      | 1470 ||| UPGRADING to +0 ring mail.
  1480 | D:2      | 1480 ||| DROPPING +0 leather armour.
  1481 | D:2      | 1481 ||| READING scroll labelled SUASSA PETI.
  1482 | D:2      | 1482 ||| READING scroll labelled ORAVEMMOQAI.
  1483 | D:2      | 1483 ||| DRINKING 2 red potions.
  1677 | D:3      | Noticed Robin
  1684 | D:3      | Reached skill level 1 in Armour
  1691 | D:3      | Killed Robin
  2037 | D:3      | Noticed Terence
  2045 | D:3      | Killed Terence
  2046 | D:3      | Reached XP level 5. HP: 34/46 MP: 4/4
  2328 | D:3      | Found a faded altar of an unknown god.
  2465 | D:3      | 2465 ||| UPGRADING to +0 cloak.
  2470 | D:3      | 2470 ||| UPGRADING to amulet of guardian spirit.
  2475 | D:3      | 2475 ||| UPGRADING to amulet of reflection.
  2485 | D:3      | 2485 ||| DROPPING amulet of guardian spirit.
  2486 | D:3      | 2486 ||| READING scroll labelled ULOAKK EWOLO.
  2557 | D:4      | 2557 ||| READING scroll of enchant armour.
  2557 | D:4      | 2557 ||| ENCHANTING +0 cloak.
  2628 | D:4      | Found a staircase to the Ecumenical Temple.
  2629 | D:4      | 2629 ||| PLANNING TEMPLE
  2637 | Temple   | Entered the Ecumenical Temple
  2654 | Temple   | 2654 ||| PLANNING OKAWARU WORSHIP
  2821 | Temple   | Became a worshipper of Warmaster Okawaru
  2821 | Temple   | 2821 ||| PLANNING D:1-11
  2840 | D:4      | Identified the +9 sling "Tormentor" {flame, Dex+3}
  2842 | D:4      | 2842 ||| SWAPPING to +9 sling "Tormentor" {flame, Dex+3}.
  2843 | D:4      | 2843 ||| DROPPING +0 shortbow of draining.
  2877 | D:4      | Reached skill level 7 in Ranged Weapons
  3229 | D:4      | 3229 ||| READING 3 scrolls labelled OGOUPT TOBIORISM.
  3230 | D:4      | 3230 ||| DROPPING 2 scrolls of fog.
  3259 | D:5      | Entered Level 5 of the Dungeon
  3281 | D:5      | Reached XP level 6. HP: 52/52 MP: 5/5
  3340 | D:5      | 3340 ||| UPGRADING to +2 cloak.
  3350 | D:5      | 3350 ||| DROPPING +1 cloak.
  3351 | D:5      | 3351 ||| READING scroll labelled YGINGI OTHRULEEWE.
  3357 | D:5      | 3357 ||| STAIRDANCE
  3362 | D:5      | Found a basalt altar of Yredelemnul.
  3378 | D:5      | Found an ancient bone altar of Kikubaaqudgha.
  3384 | D:5      | Found a hide-covered altar of Uskayaw.
  3472 | D:5      | 3472 ||| FLEEEEING.
  3475 | D:5      | Reached skill level 8 in Ranged Weapons
  3482 | D:5      | 3482 ||| DRINKING 3 bubbling cyan potions.
  3494 | D:5      | 3494 ||| STAIRDANCE
  3614 | D:4      | 3614 ||| READING scroll labelled XECWE YSOINAGG.
  3844 | D:5      | Found Fucyog's Book Shoppe.
  3864 | D:5      | Reached skill level 3 in Dodging
  3870 | D:5      | Reached * piety under Okawaru
  3871 | D:5      | Reached XP level 7. HP: 60/60 MP: 6/6
  3872 | D:5      | 3872 ||| INVOKING Heroism.
  3875 | D:5      | 3875 ||| Stepping ~*~*~tactically~*~*~ (outnumbered).
  3884 | D:5      | 3884 ||| INVOKING Heroism.
  3932 | D:5      | 3932 ||| READING scroll of acquirement.
  3932 | D:5      | 3932 ||| ACQUIRING scarf of Ratugo {rC+ rF+, Str+7}
  3932 | D:5      | Acquired the scarf of Ratugo {rC+ rF+, Str+7}
  4056 | D:5      | 4056 ||| UPGRADING to scarf of Ratugo {rC+ rF+, Str+7}.
  4066 | D:5      | 4066 ||| READING scroll labelled YDEFAA BASHRE.
  4161 | D:5      | 4161 ||| READING 2 scrolls of identify.
  4161 | D:5      | 4161 ||| IDENTIFYING sedimented brown potion
  4162 | D:5      | 4162 ||| DROPPING potion of enlightenment.
  4280 | D:6      | Reached skill level 1 in Invocations
  4332 | D:6      | Reached skill level 9 in Ranged Weapons
  4403 | D:6      | Reached skill level 3 in Invocations
  4403 | D:6      | Reached XP level 8. HP: 70/70 MP: 7/9
  4427 | D:6      | Reached skill level 6 in Fighting
  4427 | D:6      | Found a sparkling altar of Nemelex Xobeh.
  4513 | D:6      | 4513 ||| INVOKING Heroism.
  4853 | D:6      | 4853 ||| INVOKING Heroism.
  4981 | D:6      | 4981 ||| READING scroll labelled YSMAICS ET DUS.
  4982 | D:6      | 4982 ||| READING scroll labelled FAUSOSTR KIAHOSH.
  4983 | D:6      | 4983 ||| READING 2 scrolls of identify.
  4983 | D:6      | 4983 ||| IDENTIFYING smoky orange potion
  4985 | D:6      | 4985 ||| Stepping ~*~*~tactically~*~*~ (cloud).
  5117 | D:7      | Noticed Duvessa
  5118 | D:7      | 5118 ||| PLANNING OSSUARY
  5118 | D:7      | 5118 ||| INVOKING Heroism.
  5118 | D:7      | Noticed Dowan
  5125 | D:7      | Killed Duvessa
  5128 | D:7      | Killed Dowan
  5138 | D:7      | 5138 ||| STAIRDANCE
  5185 | D:7      | 5185 ||| INVOKING Heroism.
  5188 | D:7      | Reached skill level 10 in Ranged Weapons
  5393 | D:7      | Reached XP level 9. HP: 78/79 MP: 11/11
  5401 | D:7      | 5401 ||| Stepping ~*~*~tactically~*~*~ (outnumbered).
  5426 | D:7      | 5426 ||| INVOKING Heroism.
  5619 | D:7      | 5619 ||| INVOKING Heroism.
  5742 | D:7      | Identified the +4 whip of the Shimmering Gods {heavy,
                  | +Blink rN+ SInv}
  5744 | D:7      | Found a sand-covered staircase.
  5908 | D:7      | 5908 ||| RIP OSSUARY
  5908 | D:7      | 5908 ||| PLANNING D:1-11
  5908 | D:7      | 5908 ||| UPGRADING to +0 pair of gloves.
  6014 | D:8      | Found an ornate altar of the Wu Jian Council.
  6052 | D:8      | Reached skill level 11 in Ranged Weapons
  6056 | D:8      | Reached ** piety under Okawaru
  6057 | D:8      | Reached skill level 3 in Armour
  6063 | D:8      | 6063 ||| INVOKING Heroism.
  6169 | D:8      | 6169 ||| INVOKING Heroism.
  6184 | D:8      | 6184 ||| INVOKING Heroism.
  6217 | D:8      | Identified the +5 mace "Cydif" {pain, rElec rF+ Stlth+}
  6476 | D:8      | 6476 ||| UPGRADING to +5 ring of evasion.
  6477 | D:8      | 6477 ||| READING scroll labelled DEKEWA KEPLAGGUPPI.
  6478 | D:8      | 6478 ||| READING 2 scrolls of identify.
  6478 | D:8      | 6478 ||| IDENTIFYING inky potion
  6479 | D:8      | 6479 ||| DROPPING potion of lignification.
  6520 | D:9      | Noticed a kobold demonologist
  6521 | D:9      | 6521 ||| Stepping ~*~*~tactically~*~*~ (outnumbered).
  6522 | D:9      | 6522 ||| Stepping ~*~*~tactically~*~*~ (outnumbered).
  6533 | D:9      | Killed a kobold demonologist
  6534 | D:9      | Reached skill level 12 in Ranged Weapons
  6541 | D:9      | 6541 ||| INVOKING Heroism.
  6560 | D:9      | Reached XP level 10. HP: 36/88 MP: 12/12
  6563 | D:9      | Reached skill level 6 in Dodging
  6566 | D:9      | 6566 ||| INVOKING Heroism.
  6624 | D:9      | 6624 ||| INVOKING Heroism.
  6828 | D:9      | 6828 ||| DRINKING 2 potions of curing.
  6828 | D:9      | 6828 ||| (to cure confusion)
  6858 | D:9      | 6858 ||| SWAPPING to +0 orcbow.
  6970 | D:9      | Reached skill level 13 in Ranged Weapons
  7040 | D:9      | 7040 ||| INVOKING Heroism.
  7045 | D:9      | Reached skill level 9 in Fighting
  7067 | D:9      | HP: 22/91 [basilisk (2)]
  7072 | D:9      | 7072 ||| READING 3 scrolls of teleportation.
  7072 | D:9      | Reached *** piety under Okawaru
  7073 | D:9      | 7073 ||| DRINKING 2 potions of heal wounds.
  7074 | D:9      | 7074 ||| INVOKING Heroism.
  7437 | D:9      | 7437 ||| INVOKING Heroism.
  7449 | D:9      | Reached skill level 14 in Ranged Weapons
  7487 | D:9      | Found a staircase to the Lair.
  7490 | D:9      | You are sucked into a shaft and drop 2 floors!
  7541 | D:11     | 7541 ||| Stepping ~*~*~tactically~*~*~ (outnumbered).
  7542 | D:11     | 7542 ||| Stepping ~*~*~tactically~*~*~ (outnumbered).
  7582 | D:11     | Noticed an orange demon
  7593 | D:11     | 7593 ||| INVOKING Heroism.
  7609 | D:11     | Killed an orange demon
  7609 | D:11     | HP: 23/93 [poisoned by an orange demon]
  7614 | D:11     | HP: 15/93 [poisoned by an orange demon]
  7619 | D:11     | HP: 12/93 [poisoned by an orange demon]
  7861 | D:11     | Noticed a sixfirhy
  7868 | D:11     | 7868 ||| INVOKING Heroism.
  7870 | D:11     | Killed a sixfirhy
  7871 | D:11     | Reached XP level 11. HP: 69/99 MP: 10/13
  7976 | D:11     | Noticed a two-headed ogre
  7977 | D:11     | 7977 ||| INVOKING Heroism.
  7987 | D:11     | Killed a two-headed ogre
  7987 | D:11     | Reached **** piety under Okawaru
  7988 | D:11     | 7988 ||| UPGRADING to ring of willpower.
  7990 | D:11     | 7990 ||| UPGRADING to ring of see invisible.
  7992 | D:11     | 7992 ||| DRINKING 2 purple potions.
  8097 | D:11     | 8097 ||| READING 2 scrolls of identify.
  8097 | D:11     | 8097 ||| IDENTIFYING fizzy brown potion
  8098 | D:11     | 8098 ||| DROPPING potion of berserk rage.
  8099 | D:11     | 8099 ||| DROPPING potion of brilliance.
  8108 | D:10     | Entered Level 10 of the Dungeon
  8167 | D:10     | Noticed a two-headed ogre
  8168 | D:10     | 8168 ||| INVOKING Heroism.
  8174 | D:10     | Killed a two-headed ogre
  8175 | D:10     | Reached skill level 15 in Ranged Weapons
  8487 | D:9      | Received a gift from Okawaru
  8634 | D:9      | 8634 ||| PLANNING LAIR
  8668 | Lair:1   | Entered Level 1 of the Lair of Beasts
  8715 | Lair:1   | 8715 ||| INVOKING Heroism.
  8788 | Lair:1   | 8788 ||| INVOKING Heroism.
  8821 | Lair:1   | 8821 ||| INVOKING Heroism.
  8830 | Lair:1   | 8830 ||| FLEEEEING.
  8846 | Lair:1   | 8846 ||| INVOKING Heroism.
  9063 | Lair:1   | 9063 ||| INVOKING Heroism.
  9103 | Lair:1   | Noticed a boulder beetle
  9104 | Lair:1   | 9104 ||| INVOKING Heroism.
  9117 | Lair:1   | Killed a boulder beetle
  9231 | Lair:1   | Found an ornate altar of the Wu Jian Council.
  9232 | Lair:1   | Found a hide-covered altar of Uskayaw.
  9247 | Lair:1   | 9247 ||| INVOKING Heroism.
  9252 | Lair:1   | Reached skill level 6 in Invocations
  9521 | Lair:1   | 9521 ||| INVOKING Heroism.
  9534 | Lair:1   | Reached skill level 16 in Ranged Weapons
  9553 | Lair:1   | 9553 ||| INVOKING Heroism.
 10023 | Lair:1   | 10023 ||| UPGRADING to +6 ring of dexterity.
 10025 | Lair:1   | 10025 ||| DROPPING ring of ice.
 10026 | Lair:1   | 10026 ||| DROPPING ring of willpower.
 10027 | Lair:1   | 10027 ||| DROPPING ring of see invisible.
 10028 | Lair:1   | 10028 ||| READING scroll labelled IWOIVEPPUD.
 10120 | Lair:2   | 10120 ||| FLEEEEING.
 10122 | Lair:2   | 10122 ||| FLEEEEING.
 10123 | Lair:2   | 10123 ||| STAIRDANCE
 10127 | Lair:2   | 10127 ||| STAIRDANCE
 10129 | Lair:1   | 10129 ||| INVOKING Heroism.
 10164 | Lair:2   | Reached XP level 12. HP: 82/108 MP: 16/16
 10167 | Lair:2   | 10167 ||| INVOKING Heroism.
 10178 | Lair:2   | HP: 27/108 [poisoned by a killer bee]
 10179 | Lair:2   | 10179 ||| READING 2 scrolls of teleportation.
 10180 | Lair:2   | 10180 ||| DRINKING potion of heal wounds.
 10228 | Lair:2   | 10228 ||| INVOKING Heroism.
 10233 | Lair:2   | HP: 27/108 [komodo dragon (6)]
 10234 | Lair:2   | 10234 ||| READING scroll of teleportation.
 10255 | Lair:2   | 10255 ||| INVOKING Heroism.
 10304 | Lair:2   | 10304 ||| INVOKING Heroism.
 10346 | Lair:2   | 10346 ||| INVOKING Heroism.
 10425 | Lair:2   | 10425 ||| INVOKING Heroism.
 10467 | Lair:2   | 10467 ||| INVOKING Heroism.
 10549 | Lair:2   | Reached skill level 9 in Dodging
 10552 | Lair:2   | Noticed a boulder beetle
 10553 | Lair:2   | 10553 ||| INVOKING Heroism.
 10569 | Lair:2   | Killed a boulder beetle
 10618 | Lair:2   | 10618 ||| INVOKING Heroism.
 10761 | Lair:2   | 10761 ||| INVOKING Heroism.
 10901 | Lair:2   | Noticed Gastronok
 10902 | Lair:2   | 10902 ||| INVOKING Heroism.
 10917 | Lair:2   | Killed Gastronok
 11079 | Lair:2   | 11079 ||| INVOKING Heroism.
 11142 | Lair:2   | 11142 ||| FLEEEEING.
 11389 | Lair:2   | Reached skill level 9 in Invocations
 11392 | Lair:2   | Reached skill level 12 in Fighting
 11413 | Lair:2   | 11413 ||| INVOKING Heroism.
 11696 | Lair:2   | 11696 ||| INVOKING Heroism.
 11697 | Lair:2   | 11697 ||| Stepping ~*~*~tactically~*~*~ (outnumbered).
 11711 | Lair:2   | 11711 ||| Stepping ~*~*~tactically~*~*~ (outnumbered).
 11718 | Lair:2   | 11718 ||| Stepping ~*~*~tactically~*~*~ (outnumbered).
 11749 | Lair:2   | 11749 ||| INVOKING Heroism.
 11750 | Lair:2   | 11750 ||| Stepping ~*~*~tactically~*~*~ (outnumbered).
 11763 | Lair:2   | 11763 ||| Stepping ~*~*~tactically~*~*~ (outnumbered).
 11765 | Lair:2   | 11765 ||| Stepping ~*~*~tactically~*~*~ (outnumbered).
 11767 | Lair:2   | 11767 ||| Stepping ~*~*~tactically~*~*~ (outnumbered).
 11769 | Lair:2   | 11769 ||| Stepping ~*~*~tactically~*~*~ (outnumbered).
 11771 | Lair:2   | 11771 ||| Stepping ~*~*~tactically~*~*~ (outnumbered).
 11773 | Lair:2   | 11773 ||| Stepping ~*~*~tactically~*~*~ (outnumbered).
 11775 | Lair:2   | 11775 ||| Stepping ~*~*~tactically~*~*~ (outnumbered).
 11777 | Lair:2   | 11777 ||| Stepping ~*~*~tactically~*~*~ (outnumbered).
 11802 | Lair:2   | 11802 ||| INVOKING Heroism.
 11803 | Lair:2   | 11803 ||| Stepping ~*~*~tactically~*~*~ (outnumbered).
 11816 | Lair:2   | 11816 ||| Stepping ~*~*~tactically~*~*~ (outnumbered).
 11818 | Lair:2   | 11818 ||| Stepping ~*~*~tactically~*~*~ (outnumbered).
 11820 | Lair:2   | 11820 ||| FLEEEEING.
 11821 | Lair:2   | 11821 ||| FLEEEEING.
 11899 | Lair:2   | 11899 ||| INVOKING Heroism.
 11940 | Lair:2   | 11940 ||| FLEEEEING.
 12081 | Lair:2   | 12081 ||| INVOKING Heroism.
 12109 | Lair:2   | 12109 ||| Stepping ~*~*~tactically~*~*~ (water).
 12112 | Lair:2   | 12112 ||| INVOKING Heroism.
 12120 | Lair:2   | Reached XP level 13. HP: 104/118 MP: 16/18
 12450 | Lair:2   | 12450 ||| UPGRADING to +2 hat.
 12455 | Lair:2   | 12455 ||| DROPPING ring of positive energy.
 12456 | Lair:2   | 12456 ||| DRINKING 3 smoky cyan potions.
 12457 | Lair:2   | 12457 ||| DRINKING 2 potions of curing.
 12457 | Lair:2   | 12457 ||| (to cure confusion)
 12458 | Lair:2   | 12458 ||| DROPPING 2 potions of ambrosia.
 12560 | Lair:3   | 12560 ||| INVOKING Heroism.
 12833 | Lair:3   | 12833 ||| INVOKING Heroism.
 12984 | Lair:3   | 12984 ||| FLEEEEING.
 12985 | Lair:3   | 12985 ||| FLEEEEING.
 12986 | Lair:3   | 12986 ||| FLEEEEING.
 12987 | Lair:3   | 12987 ||| INVOKING Heroism.
 12994 | Lair:3   | 12994 ||| SWAPPING to +9 sling "Tormentor" {flame, Dex+3}.
 12996 | Lair:3   | 12996 ||| Stepping ~*~*~tactically~*~*~ (outnumbered).
 13003 | Lair:3   | HP: 21/119 [six-headed hydra (9)]
 13004 | Lair:3   | 13004 ||| READING 2 scrolls of teleportation.
 13004 | Lair:3   | HP: 9/119 [six-headed hydra (2)]
 13005 | Lair:3   | Slain by a six-headed hydra

Levels and vault maps discovered:
D:1:      wander_arrival_lonely_grave, layout_basic
D:2:      layout_loops_ring, serial_shops, shop, shop, basic_altar,
          uniq_crazy_yiuf_cottage
D:3:      layout_loops_corners, shapermc_ecumenical_altar_notcrosses,
          uniq_terence, uniq_robin
D:4:      kennysheep_big_flooded_room, layout_loops_cross, temple_pool_b
D:5:      layout_basic, grunt_temple_overflow_open, lemuel_round_altar,
          serial_shops, nicolae_lakefront_shop
D:6:      layout_loops_corners, nemelex_xobeh_ov_fountains_minmay
D:7:      layout_loops_ring, nicolae_ossuary_entry_false_entrances,
          amethyst_killhole, uniq_duvessa
D:8:      layout_rooms, pdpol_wu_jian_five_deadly_venoms
D:9:      layout_loops_corners, minmay_lair_entry_grove, special_room
          [special_room_kobold], kennysheep_decorative_pillar,
          chequers_mini_garden
D:10:     layout_cave_pods, grunt_ogre_cave
D:11:     layout_roguey, minmay_orc_entry_temple_small, serial_demonic,
          serial_demonic_d, serial_demonic_a, serial_demonic_f,
          serial_demonic_e, serial_demonic_f, serial_demonic_c,
          serial_demonic_c, serial_demonic_e, hangedman_ranch
Temple:   bh_familiar_temple
Lair:1:   layout_big_grid, nzn_masters_of_martial_movement, grunt_megastairs_3
Lair:2:   regret_index_harrowing_hell_hive, layout_hall_layers,
          grunt_megastairs_1, infiniplex_staircase_pool, uniq_gastronok
Lair:3:   layout_regular_city, palyth_hydra_swamp_entry,
          nicolae_snake_entry_warm_welcome

Skill      XL: |  1  2  3  4  5  6  7  8  9 10 11 12 13 |
---------------+----------------------------------------+-----
Ranged Weapons | 5 6 7 8 9 10 12 14 16 | 16.0
Fighting       | 3 4 5 7 8 10 12 | 12.9
Armour         | 1 2 3 4 5 |  5.1
Dodging        | 3 4 5 6 7 10 11 | 11.0
Invocations    | 3 4 7 9 10 | 10.0
Stealth        | |  0.7

Action                     |  1- 3 |  4- 6 |  7- 9 | 10-12 | 13-15 || total
---------------------------+-------+-------+-------+-------+-------++-------
   Fire: Shortbow          |   104 |    99 |       |       |       ||   203
         Sling             |       |    52 |   215 |    47 |     9 ||   323
         Orcbow            |       |       |       |   779 |   158 ||   937
 Invoke: Heroism           |       |       |    12 |    38 |     3 ||    53
    Use: Scroll            |     4 |     7 |     8 |     5 |     1 ||    25
         Potion            |     1 |     2 |       |     4 |     2 ||     9
 Armour: Leather armour    |     7 |     4 |       |       |       ||    11
         Ring mail         |       |    15 |    13 |    79 |    18 ||   125
  Dodge: Dodged            |    11 |    27 |    60 |   494 |   185 ||   777
  Block: Other             |       |     3 |    16 |   123 |    37 ||   179
         Reflection        |       |       |     1 |     2 |       ||     3

Table legend:
 A = Non-vault XP
 B = Vault XP
 C = Vault XP percentage of total XP
 D = Non-vault monster count
 E = Vault monster count
 F = Vault count percentage of total count
                 A         B        C        D         E       F
            +---------+---------+-------+---------+---------+-------
      Total |   26122 |   19639 |  42.9 |     263 |     129 |  32.9
            +---------+---------+-------+---------+---------+-------
        D:1 |      69 |       0 |   0.0 |      32 |       0 |   0.0
        D:2 |      60 |       0 |   0.0 |      19 |       0 |   0.0
        D:3 |      18 |      72 |  80.0 |      13 |      13 |  50.0
        D:4 |     119 |       3 |   2.5 |      15 |       2 |  11.8
        D:5 |     582 |       0 |   0.0 |      19 |       0 |   0.0
        D:6 |    1041 |       0 |   0.0 |      17 |       0 |   0.0
        D:7 |    1028 |     204 |  16.6 |      22 |       2 |   8.3
        D:8 |    1166 |       0 |   0.0 |      21 |       0 |   0.0
        D:9 |    1243 |    4019 |  76.4 |      19 |      37 |  66.1
       D:10 |     841 |       0 |   0.0 |       1 |       0 |   0.0
       D:11 |     816 |    2634 |  76.3 |       1 |       8 |  88.9
     Lair:1 |    4451 |    3177 |  41.6 |      20 |      13 |  39.4
     Lair:2 |    8569 |    9198 |  51.8 |      38 |      52 |  57.8
     Lair:3 |    6119 |     332 |   5.1 |      26 |       2 |   7.1
            +---------+---------+-------+---------+---------+-------
